Description

Testing, sorry if incorrect

VOD

https://youtu.be/csDn0y3PcZw?t=3664

Replay - Serral v Trap: Game 6 - Golden Wall LE

Build Order

Get SALT Encoding   

  12  0:00  Drone  
  13  0:12  Overlord  
  13  0:17  Drone  
  14  0:31  Drone x2  
  16  0:48  Hatchery  
  15  0:52  Drone x2  
  17  0:59  Drone  
  18  1:09  Extractor  
  17  1:16  Spawning Pool  
  16  1:18  Drone x2  
  18  1:28  Drone  
  19  1:39  Drone  
  20  1:49  Overlord  
  20  2:04  Queen x2, Zergling x4  
  26  2:13  Drone x2  
  26  2:15  Metabolic Boost  
  28  2:23  Drone x2  
  30  2:40  Hatchery  
  30  2:41  Drone x2  
  31  2:52  Queen  
  31  2:56  Overlord  
  32  2:59  Drone x2  
  32  3:03  Zergling x2  
  35  3:16  Drone x5  
  35  3:18  Overlord  
  40  3:23  Zergling x2  
  40  3:26  Drone  
  42  3:32  Drone  
  43  3:35  Queen  
  45  3:44  Drone x6  
  51  3:52  Queen  
  51  3:53  Overlord  
  53  3:57  Roach Warren  
  53  4:01  Extractor  
  51  4:03  Zergling x8  
  51  4:08  Overlord  
  55  4:13  Zergling x4  
  57  4:17  Overlord x2  
  57  4:20  Drone x3  
  60  4:25  Zergling x6  
  60  4:30  Overlord  
  62  4:39  Roach x4  
  69  4:48  Roach x4  
  69  4:52  Spore Crawler x2  
  76  4:58  Lair  
  75  5:02  Spore Crawler  
  75  5:06  Roach x2  
  78  5:14  Roach x3  
  78  5:20  Overlord  
  84  5:25  Drone x6  
  89  5:33  Overlord x2  
  90  5:38  Drone x3  
  93  5:46  Overlord  
  93  5:48  Extractor  
  93  5:49  Evolution Chamber, Drone x2  
  93  5:52  Overlord x2  
  93  5:56  Drone x3  
  94  5:57  Glial Reconstitution  
  95  6:04  Overlord x2  
  95  6:08  Drone x3  
  95  6:09  Overseer  
  98  6:18  Overlord x2  
  98  6:21  Roach x2  
  101  6:31  Roach x4  
  109  6:36  Extractor  
  109  6:38  Zergling x10  
  113  6:42  Ravager x3  
  113  6:45  Queen x2  
  119  6:48  Ravager  
  119  6:51  Zergling x8  
  116  7:01  Ravager  
  116  7:02  Zergling x10, Roach  
  116  7:04  Queen  
  119  7:13  Evolution Chamber  
  119  7:15  Zergling x6, Roach x3  
  116  7:26  Roach x5  
  116  7:29  Ravager  
  125  7:33  Zergling x6  
  119  7:45  Queen x3  
  119  7:49  Zergling x2, Roach x2  
  119  7:51  Ravager x3  
  119  7:56  Zergling x8  
  126  8:01  Evolution Chamber  
  123  8:06  Zergling x2, Roach x3  
  128  8:15  Roach x4  
  136  8:26  Zergling x4, Roach x4  
  144  8:33  Roach x2  
  143  8:41  Zergling x2, Roach x2  
  139  8:44  Zerg Missile Weapons Level 1  
  133  8:51  Roach x3  
  135  8:57  Roach x4  
  143  9:07  Ravager  
  143  9:09  Extractor  
  143  9:10  Drone x3  
  143  9:13  Ravager  
  143  9:16  Zergling x4, Roach x2  
  153  9:26  Baneling Nest  
  151  9:31  Roach x3  
  157  9:40  Drone x5  
  162  9:47  Overlord x2  
  162  9:53  Hatchery, Overlord  
Spawning Tool Build Advisor. Get it on Overwolf

Analysis

Testing, sorry if incorrect

Go to:

Details

  • Created by: 1d887f2ba4
  • Published on: Aug 25, 2020
  • Modified on: Aug 25, 2020
  • Patch: 4.11.0
  • Difficulty: Medium
Show
View Real Time Build Order
Export as new Build Order

Comments (0)

There are no comments. Be the first!

Create an account to comment!